 Dungeon Crawl Stone Soup version 0.20-a0-903-g7e3609c (webtiles) character file.

0 Rrauwl the Skirmisher (level 1, -10/18 HPs)
             Began as a Formicid Abyssal Knight on Mar 20, 2017.
             Was a Follower of Lugonu.
             Mangled by a small abomination (21 damage)
             ... on level 2 of the Abyss.
             The game lasted 00:01:51 (158 turns).

Rrauwl the Skirmisher (Formicid Abyssal Knight)      Turns: 158, Time: 00:01:52

Health: -10/18     AC:  5    Str: 16    XL:     1   Next: 0%
Magic:  2/2        EV: 11    Int: 11    God:    Lugonu [*.....]
Gold:   45         SH:  0    Dex: 10    Spells: 0/0 levels left

rFire    . . .     SeeInvis +   a - +1 mace
rCold    . . .     Gourm    .   b - +0 leather armour
rNeg     . . .     Faith    .   (no shield)
rPois    .         Spirit   .   (helmet unavailable)
rElec    .         Reflect  .   (no cloak)
rCorr    .         Harm     .   (no gloves)
MR       +....     Clarity  +   (no boots)
Stlth    +.........             (no amulet)
Regen    0.1/turn               (no ring)
MPRegen  0.1/turn               (no ring)

@: no status effects
A: permanent stasis, dig shafts and tunnels, four strong arms, antennae 3, slimy
green scales 1, clarity, magic resistance 1
a: Dig, Shaft Self, Depart the Abyss, Renounce Religion


You were on level 2 of the Abyss.
You worshipped Lugonu.
Lugonu was aware of your devotion.
You were not hungry.

You visited 0 branches of the dungeon, and saw 0 of its levels.
You visited the Abyss 1 time.

You collected 45 gold pieces.

Inventory:

Hand Weapons
 a - a +1 mace (weapon)
Armour
 b - a +0 leather armour (worn)
Comestibles
 c - a bread ration


   Skills:
 + Level 3.2 Fighting
 + Level 2.0 Maces & Flails
 + Level 2.1 Armour
 + Level 0.8 Dodging
 + Level 2.1 Invocations


You couldn't memorise any spells.
You didn't know any spells.

Dungeon Overview and Level Annotations

Branches:
Dungeon (0/15)

Altars:


Innate Abilities, Weirdness & Mutations

You cannot be hasted, slowed, berserked, paralysed or teleported.
You can dig through walls and to a lower floor.
Your four strong arms can wield two-handed weapons with a shield.
You have a pair of large antennae on your head. (SInv)
You are partially covered in slimy green scales. (AC +2)
You possess an exceptional clarity of mind.
You are resistant to hostile enchantments. (MR+)


Message History

Found a corrupted altar of Lugonu.
Found 16 stones.
You sense a monster nearby.
You now have 23 gold pieces.
Found 8 needles of sleeping.
You see here 8 needles of sleeping.
A lich comes into view.
Found an amethyst potion.
e - an amethyst potion
Found 22 gold pieces.
You now have 45 gold pieces (gained 22).
A small abomination comes into view.
It was a potion of mutation.
You feel extremely strange.
Your thoughts seem clearer.
Slimy green scales grow over part of your body.
You feel resistant to hostile enchantments.
It was a potion of cancellation.
You feel magically purged. The small abomination hits you!!
Ouch! That really hurt!
You die...

### #.### .
#...# .#
###.# .# #.#
#. ### ##.#
.#...
#..##..#
###..# #.@##
###x# ### .
#.#..#.###.#
#.##..#.. ..
## . ..#...
. ..# ##
#..##. ## #
###...## .#
# # ## #..
##.# #
..##.#


You could see a small abomination.

Vanquished Creatures (others)
  A starspawn tentacle (Abyss:1)
1 creature vanquished.

Notes
Turn   | Place    | Note
-------+----------+-------------------------------------------
     0 | Abyss:1  | Rrauwl the Formicid Abyssal Knight began the quest for the Orb.
     0 | Abyss:1  | Reached XP level 1. HP: 18/18 MP: 2/2
    36 | Abyss:1  | Noticed a quasit
    45 | Abyss:1  | Noticed a worldbinder
    54 | Abyss:1  | Noticed an efreet
    60 | Abyss:1  | Noticed a raiju
    64 | Abyss:1  | Noticed a tentacled starspawn
    68 | Abyss:2  | Found a corrupted altar of Lugonu.
   113 | Abyss:2  | Noticed a lich
   154 | Abyss:2  | Noticed a small abomination
   155 | Abyss:2  | Gained mutation: You possess an exceptional clarity of mind. [potion of mutation]
   155 | Abyss:2  | Gained mutation: You are partially covered in slimy green scales. (AC +2) [potion of mutation]
   155 | Abyss:2  | Gained mutation: You are resistant to hostile enchantments. (MR+) [potion of mutation]
   158 | Abyss:2  | Mangled by a small abomination

Vault maps used:

Action                   || total
-------------------------++-------
  Use: Potion            ||     2
Armor: Leather armour    ||     3
Dodge: Dodged            ||     8
